 Dungeon Crawl Stone Soup version 0.29-a0-82-g837932c90e (webtiles) character file.

Game seed: 17221629480844616183

71 bande the Shield-Bearer (level 4, -2/29 HPs)
             Began as a Gargoyle Fighter on Feb 4, 2022.
             Slain by an orc (4 damage)
             ... on level 3 of the Dungeon.
             The game lasted 00:03:17 (1839 turns).

bande the Shield-Bearer (Gargoyle Fighter)          Turns: 1839, Time: 00:03:17

Health: -2/29      AC: 10    Str: 18 (20) XL:     4   Next: 24%
Magic:  4/4        EV:  9    Int:  7 (8)  God:
Gold:   30         SH:  4    Dex: 10 (11) Spells: 3/3 levels left

rFire   . . .      SeeInvis .   a - +0 war axe
rCold   . . .      Faith    .   c - +0 buckler
rNeg    + . .      Spirit   .   b - +0 scale mail
rPois   ∞          Reflect  .   (no helmet)
rElec   +          Harm     .   (no cloak)
rCorr   .          Rampage  .   (no gloves)
Will    .....                   (no boots)
Stlth   ..........              (no amulet)
HPRegen 0.09/turn               (no ring)
MPRegen 0.09/turn               (no ring)

@: hasted, very quick
A: sickness immunity, AC +3, negative energy resistance 1, electricity
resistance, torment resistance 1, petrification resistance
a: no special abilities


You were on level 3 of the Dungeon.
You visited 1 branch of the dungeon, and saw 3 of its levels.

You collected 30 gold pieces.

Inventory:

Hand Weapons
 a - a +0 war axe (weapon)
Missiles
 h - a throwing net (quivered)
Armour
 b - a +0 scale mail (worn)
 c - a +0 buckler (worn)
Wands
 e - a wand of mindburst (18)
Potions
 d - a potion of might
 k - a potion of degeneration


   Skills:
 + Level 3.7 Fighting
 + Level 2.4 Axes
 + Level 3.8 Armour
 + Level 3.9 Shields
 * Level 0.7 Evocations


You had 3 spell levels left.
You didn't know any spells.
Your spell library contained the following spells:

 Spells                   Type           Power      Damage    Failure   Level
 Corpse Rot               Necr/Air       0%         N/A       96%         2
 Poisonous Vapours        Pois/Air       0%         N/A       96%         2


Dungeon Overview and Level Annotations

Branches:
Dungeon (3/15)

Altars:

Shops:
D:1 :


Innate Abilities, Weirdness & Mutations

You are immune to sickness and miasma.
Your stone body is resilient. (AC +3)
You are immune to poison.
You resist negative energy. (rN+)
You are resistant to electric shocks. (rElec)
You are resistant to unholy torment.
You are immune to petrification.


Message History

The orc priest closely misses you.
You barely miss the orc priest.
The orc priest is heavily wounded.
The orc priest barely misses you.
You barely miss the orc priest.
The orc priest is heavily wounded.
The orc priest looks encouraged for a moment.
You closely miss the orc priest.
The orc priest is heavily wounded.
You hit the orc. You closely miss the orc priest.
The orc priest is heavily wounded.
You completely miss the orc.
The orc priest calls upon Beogh to heal the orc.
The orc's wounds heal themselves!
The orc hits you with a +0 hand axe.
The orc priest calls down the wrath of Beogh upon you.
Beogh smites you!
Ouch! That really hurt!
* * * LOW HITPOINT WARNING * * *
You closely miss the orc. You closely miss the orc priest. You hit the orc.
The orc hits you but does no damage. You block the orc priest's attack.
The orc hits you but does no damage. x2
Unknown command.
You slash the orc!
You kill the orc!
You hit the orc. You closely miss the orc priest.
The orc priest barely misses you. The orc hits you with a +0 short sword.
* * * LOW HITPOINT WARNING * * *
The orc priest hits you with a +0 whip.
* * * LOW HITPOINT WARNING * * *
The orc hits you but does no damage.
It was a potion of degeneration.
There was something very wrong with that liquid.
You feel weakened.
You feel dopey.
You feel clumsy. You block the orc's attack.
The orc priest invokes the aid of Beogh against you.
You barely resist. The orc barely misses you.
It was a potion of haste.
You feel yourself speed up. The orc hits you with a +0 flail.
You die...

*,* ###*****,*
***********#***
#..,,,,*,*
*,,,,,,,,,,,.,*
#.#***,*,***
*,**********#.*
#.# *,,,,,, *,*
###.##* #.#
***,*** *,*
#.....* #.# *,*
*<*
#....o######.#
*,*** *,*
#....o@......#
*,,,, *,*
#....o######.#
***** *,*
#.....######.#
*,*
#######......#
*,*
#.###..######
*,*
*,#<........#
*,*
*,#.#.......#
*,******
*......###..#
*,>,,,,*
###.##.# *,.#


You could see an orc priest and 2 orcs.

Vanquished Creatures
  2 adders (D:2)
  A dart slug (D:2)
  An orc (D:3)
  7 bats
  2 endoplasms (D:1)
  5 giant cockroaches
  A goblin (D:2)
  5 hobgoblins
  7 jackals
  2 kobolds
  2 quokkas
  4 ball pythons
  2 frilled lizards (D:1)
  4 rats
45 creatures vanquished.

Notes
Turn   | Place    | Note
-------+----------+-------------------------------------------
     0 | D:1      | bande the Gargoyle Fighter began the quest for the Orb.
     0 | D:1      | Reached XP level 1. HP: 14/14 MP: 1/1
    32 | D:1      | You fall into a shaft and drop 1 floor!
    67 | D:2      | Found a faded altar of an unknown god.
    90 | D:2      | Reached XP level 2. HP: 14/19 MP: 2/2
   194 | D:2      | Reached XP level 3. HP: 22/23 MP: 3/3
   464 | D:1      | Found Owyele's Book Emporium.
   750 | D:1      | Reached XP level 4. HP: 28/29 MP: 4/4
  1839 | D:3      | Slain by an orc

Illustrated notes

Levels and vault maps discovered:
D:1:      lemuel_arrival_tunnels, layout_loops_ring, serial_shops, shop,
          grunt_decor_arrowhead, minmay_strange_pillars
D:2:      layout_loops_cross, hellmonk_ecumenical_altar_dog_temple,
          minmay_misc_feat_ornament, minmay_misc_feat_secret_circle,
          corexii_item_surrounded_by_moat
D:3:      layout_loops_ring, mainiacjoe_overflow_paths, minmay_misc_feat_five

Skill      XL: |  1  2  3 |
---------------+----------+-----
Axes           | 2 |  2.4
Fighting       | |  3.7
Armour         | |  3.8
Shields        | |  3.9
Evocations     | |  0.7

Action                   |  1- 3 |  4- 6 || total
-------------------------+-------+-------++-------
Melee: War axe           |   125 |    38 ||   163
  Use: Scroll            |       |     4 ||     4
       Potion            |       |     3 ||     3
Armor: Scale mail        |    75 |    19 ||    94
Dodge: Dodged            |    85 |    23 ||   108
Block: Buckler           |    30 |     7 ||    37

Table legend: (Time is in decaauts)
 A = Elapsed time spent in this place.
 B = Non-inter-level travel time spent in this place.
 C = Inter-level travel time spent in this place.
 D = Time resting spent in this place.
 E = Time spent auto-exploring this place.
 F = Levels seen in this place.
 G = Mean time per level.
                   A        B        C        D        E       F      G
               +--------+--------+--------+--------+--------+-----+--------+
         Total |   1910 |   1838 |     72 |      0 |   1426 |   3 |  636.7 |
       Dungeon |   1910 |   1838 |     72 |      0 |   1426 |   3 |  636.7 |
               +--------+--------+--------+--------+--------+-----+--------+

Top non-repeatable levels by time:
     D:1: 991 daAuts
     D:2: 893 daAuts
     D:3: 25 daAuts
